 Dungeon Crawl Stone Soup version 0.32-a0-630-g46d191b0ed (webtiles) character file.

Game seed: 15023316189004872179

52 mopl the Sneak (level 3, -1/16 HPs)
             Began as a Vine Stalker Enchanter on Mar 6, 2024.
             Slain by Natasha (7 damage)
             ... on level 1 of the Dungeon.
             The game lasted 00:01:10 (835 turns).

mopl the Sneak (Vine Stalker Enchanter)              Turns: 835, Time: 00:01:11

Health: -1/16      AC:  2    Str: 10    XL:     3   Next: 85%
Magic:  0/8        EV: 12    Int: 17    God:
Gold:   23         SH:  0    Dex: 14    Spells: 2/7 levels left

rFire   . . .        a - +1 dagger
rCold   . . .        (no shield)
rNeg    . . .        b - +0 robe
rPois   .            (no helmet)
rElec   .            (no cloak)
rCorr   .            (no gloves)
SInv    .            (no boots)
Will    .....        (no amulet)
Stlth   +++          (no ring)
HPRegen 1.02/turn    (no ring)
MPRegen 0.11/turn

%: guardian spirit
@: no status effects
A: fangs 2, regeneration 1, magic shield, antimagic bite, no potion heal 2
a: no special abilities


You were on level 1 of the Dungeon.
You visited 1 branch of the dungeon, and saw 2 of its levels.

You collected 23 gold pieces.

Inventory:

Hand Weapons
 a - a +1 dagger (weapon)
Armour
 b - a +0 robe (worn)
Potions
 c - 2 potions of invisibility


   Skills:
 + Level 1.4 Short Blades
 - Level 1.5 Dodging
 * Level 4.4 Stealth
 * Level 2.8 Spellcasting
 * Level 3.5 Hexes


You had 2 spell levels left.
You knew the following spells:

 Your Spells              Type           Power      Damage    Failure   Level
b - Ensorcelled Hibernat  Hex/Ice        16%        N/A       13%         2
c - Confusing Touch       Hex            14%        N/A       13%         3

Your spell library contained the following spells:

 Spells                   Type           Power      Damage    Failure   Level
 Sigil of Binding         Hex            14%        N/A       13%         3
 Tukima's Dance           Hex            14%        N/A       13%         3
 Dazzling Flash           Conj/Hex       16%        N/A       26%         3
 Inner Flame              Hex/Fire       8%         N/A       26%         3
 Call Canine Familiar     Summ           2%         N/A       47%         3
 Stone Arrow              Conj/Erth      4%         3d7       47%         3
 Dimensional Bullseye     Hex/Tloc       4%         N/A       65%         4
 Animate Armour           Summ/Erth      4%         N/A       87%         4
 Irradiate                Conj/Alch      1%         3d12      99%         5
 Ignition                 Fire           1%         3d3       100%        8
 Lehudib's Crystal Spear  Conj/Erth      1%         10d2      100%        8


Dungeon Overview and Level Annotations

Branches:
Dungeon (2/15)

Altars:

Annotations:
D:1 Natasha


Innate Abilities, Weirdness & Mutations

You have extremely sharp teeth.
Your natural rate of healing is unusually fast.
When hurt, damage is shared between your health and your magic reserves.
Your bite disrupts and absorbs the magic of your enemies.
Potions cannot restore your health.


Message History

No target in view!
Level map cleared.
HP restored.
Magic restored.
There is a stone staircase leading down here.
Natasha, Servant of Life and Death comes into view.
Natasha is nearby!
You hit Natasha.
Natasha is lightly wounded.
Natasha claws you.
Natasha resists with some effort.
Natasha claws you!
You barely miss Natasha.
Natasha is lightly wounded.
Natasha claws you!
You are too injured to fight recklessly!
You are too injured to fight recklessly!
You completely miss Natasha.
Natasha is lightly wounded.
Natasha misses you.
You barely miss Natasha. You bite Natasha.
Natasha's magic leaks into the air.
You drain her magic.
You feel invigorated.
Natasha is moderately wounded.
Natasha falters for a moment.
You hit Natasha but do no damage.
Natasha is moderately wounded.
Natasha mumbles some strange words.
You hit Natasha.
Natasha is heavily wounded.
Natasha completely misses you.
You miss Natasha.
Natasha is heavily wounded.
The cerulean imp hits you but does no damage.
Natasha claws you.
You closely miss Natasha. Your bite misses Natasha.
Natasha is heavily wounded.
Natasha's magic is no longer disrupted.
The cerulean imp hits you with a +2 spear.
Natasha claws you!
You die...
Natasha begins licking her fur clean.

*,,,*,,,,',,,****,,,,,,#######...
*⌠,,*,,***,,,,,,,,,,,,,* #.##
⌠_,>*<,,,+,,*****,,,,,,* ##.#
*⌠,,*,,**#.,** *,,,,,,* #..#
*,,,*,,,,+..,** *,,,,,,* #.##
*ß,ß*,,⌠**,#.,* ****#.#* #.#
*********#.#..** #.# #.#
*********......#### #.#######.###
*,,**#.h@.###.#.......... ****
####5.##.#.....>....
#.......#..........
#.......#..........
#......>...........
#......##..........
#.....[##..........
*********#......######.....#
******,,,,,,,........# #.....#


You could see Natasha and a cerulean imp (summoned).

Vanquished Creatures
  Natasha (D:1)
  An adder (D:2)
  A bat (D:1)
  4 endoplasms (D:1)
  A goblin (D:1)
  2 hobgoblins
  3 quokkas (D:1)
  A ball python (D:1)
  3 frilled lizards (D:1)
17 creatures vanquished.

Notes
Turn   | Place    | Note
-------+----------+-------------------------------------------
     0 | D:1      | mopl the Vine Stalker Enchanter began the quest for the
                  | Orb.
     0 | D:1      | Reached XP level 1. HP: 9/9 MP: 4/4
    73 | D:1      | Reached skill level 1 in Short Blades
   137 | D:1      | Reached XP level 2. HP: 13/13 MP: 6/6
   154 | D:1      | Learned a level 2 spell: Ensorcelled Hibernation
   604 | D:1      | Reached skill level 4 in Stealth
   679 | D:2      | Noticed Natasha
   697 | D:2      | Reached XP level 3. HP: 2/16 MP: 1/7
   719 | D:1      | Learned a level 3 spell: Confusing Touch
   775 | D:1      | Killed Natasha
   824 | D:1      | Noticed Natasha
   835 | D:1      | Slain by Natasha

Illustrated notes

Levels and vault maps discovered:
D:1:      spicycebolla_arrival_ecumenical, layout_basic, nrook_mini_vaults,
          item_on_display_a
D:2:      layout_basic, uniq_natasha

Skill      XL: |  1  2 |
---------------+-------+-----
Short Blades   | 1 |  1.4
Stealth        | 4 |  4.4
Dodging        | |  1.5
Spellcasting   | |  2.8
Hexes          | |  3.5

Action                     || total
---------------------------++-------
  Melee: Dagger            ||    62
         Bite              ||    11
   Cast: Ensorcelled Hiber ||     1
   Stab: Sleeping          ||     6
 Armour: Robe              ||    36
  Dodge: Dodged            ||    50

Table legend: (Time is in decaauts)
 A = Elapsed time spent in this place.
 B = Non-inter-level travel time spent in this place.
 C = Inter-level travel time spent in this place.
 D = Time resting spent in this place.
 E = Time spent auto-exploring this place.
 F = Levels seen in this place.
 G = Mean time per level.
                   A        B        C        D        E       F      G
               +--------+--------+--------+--------+--------+-----+--------+
         Total |    832 |    792 |     40 |     47 |    566 |   2 |  416.0 |
       Dungeon |    832 |    792 |     40 |     47 |    566 |   2 |  416.0 |
               +--------+--------+--------+--------+--------+-----+--------+

Top non-repeatable levels by time:
     D:1: 775 daAuts
     D:2: 57 daAuts
